 Dungeon Sprint DCSS version 0.30.1-11-g7821555f0a (webtiles) character file.

Game seed: 11091018801470815467

6100000 boopmooplesden the Axe Maniac (level 22, -130/233 HPs)
             Began as a Purple Draconian Gladiator on Nov 8, 2023.
             Was the Champion of Makhleb.
             Annihilated by a sculptor of flesh
             ... wielding a +9 great sword
              (274 damage)
             ... in the Dungeon (Sprint VIII: "Arena of Blood").
             The game lasted 00:03:15 (61 turns).

boopmooplesden the Axe Maniac (DrGl)                  Turns: 61, Time: 00:03:16

Health: -130/233   AC: 11    Str: 25    XL:     22   Next: 16%
Magic:  21/42      EV: 26    Int: 10    God:    Makhleb [******]
Gold:   0          SH:  0    Dex: 14    Spells: 54/54 levels left

rFire   . . .        k - +∞ Axe of Woe
rCold   . . .        (shield currently unavailable)
rNeg    . . .        (body armour unavailable)
rPois   .            b - +0 hat
rElec   .            (no cloak)
rCorr   .            (no gloves)
SInv    .            (no boots)
Will    +++..        (no amulet)
Stlth   ++++++       g - +200 ring of slaying
HPRegen 0.58/turn    (no ring)
MPRegen 0.28/turn

%: no teleportation
@: hasted, very quick
A: breathe power, AC +11, unfitting armour, cold-blooded
a: Breathe Dispelling Energy, Renounce Religion, Minor Destruction, Lesser
Servant of Makhleb, Major Destruction, Greater Servant of Makhleb


You were in the Dungeon.
You worshipped Makhleb.
Makhleb was exalted by your worship.
You visited 1 branch

Inventory:

Hand Weapons
 a - a +0 war axe
 k - the +∞ Axe of Woe (weapon)
   (You found it in the Dungeon)
Missiles
 c - 3 throwing nets (quivered)
 d - a javelin
Armour
 b - a +0 hat (worn)
Jewellery
 g - a +200 ring of slaying (left hand)
Potions
 e - a potion of curing
 f - a potion of heal wounds
 h - 2 potions of magic
 i - a potion of berserk rage


   Skills:
 O Level 27 Fighting
 + Level 15.3(17.9) Short Blades
 + Level 15.3(17.9) Long Blades
 O Level 27 Axes
 + Level 15.3(24.4) Maces & Flails
 + Level 15.3(24.4) Polearms
 + Level 15.3(20.0) Staves
 + Level 14.1 Ranged Weapons
 O Level 27 Throwing
 O Level 27 Dodging
 + Level 15.3 Stealth
 + Level 15.3 Shields
 + Level 15.3 Unarmed Combat
 + Level 16.6 Spellcasting
 + Level 15.3 Conjurations
 + Level 18.4 Hexes
 + Level 15.3 Summonings
 + Level 15.3 Necromancy
 + Level 15.3 Translocations
 + Level 15.3 Transmutations
 + Level 17.0 Fire Magic
 + Level 17.0 Ice Magic
 + Level 17.0 Air Magic
 + Level 17.0 Earth Magic
 + Level 17.0 Poison Magic
 + Level 18.4 Invocations
 + Level 18.4 Evocations


You had 54 spell levels left.
You didn't know any spells.
Your spell library was empty.

Dungeon Overview and Level Annotations

Branches:
Dungeon (1/1)

Altars:
Makhleb


Innate Abilities, Weirdness & Mutations

You can breathe bolts of dispelling energy.
Your rich purple scales are hard. (AC +11)
You cannot fit into any form of body armour.
You are cold-blooded and may be slowed by cold attacks.


Message History

g - a +200 ring of slaying (left hand)
You hear a shout! x6
Blink to where?
Press: ? - help, Dir - move target 4 bags of meat and a meat berserker come into view.
As you read the scroll of blinking, it crumbles to dust.
The bag of meat shouts!
The meat berserker shouts!
The bag of meat shouts!
You hear a shout!
The tyrant touches you.
You hear a shout! x4
The bag of meat shouts! x2
You carve the tyrant like a ham!!!!!
You dissect the tyrant like a pig carcass.
You destroy the tyrant!
Makhleb accepts your kill.
You feel better.
You cut the bag of meat into ribbons!!!!
You slaughter the bag of meat joyfully.
You blow up the bag of meat!
Makhleb accepts your kill.
You feel better.
The meat beast appears out of thin air!
A meat beast comes into view.
You hear a shout!
Your Ranged Weapons skill increases to level 14!
Your Fire Magic skill increases to level 17!
Your Ice Magic skill increases to level 17!
Your Air Magic skill increases to level 17!
Your Earth Magic skill increases to level 17!
Your Poison Magic skill increases to level 17!
Unknown command.
A destroyer comes into view. It is wielding a +9 heavy great sword.
The dread appears out of thin air!
A dread comes into view.
The meat beast's many legs skitter.
You hear a shout! x6
A bag of meat comes into view. It is wielding a +9 war axe.
You hear a shout!
The bag of meat hits you with a +9 war axe!!
The sculptor of flesh hits you with a +9 great sword!!!!!
Ouch! That really hurt!
You die...

#### ...####
.....####
#####......####
..............####
#................####
.....zO))....2.)@.W.#
#.o))oo)#§)....zoo..#
...))o####.......O..#
..M)§§§§o°......Oooo#
..)O°§§§D§...#..O.o.#
.....§§.............#
.............#..z...#
.#...O..........oV..#
.#...........##..


You could see a meat beast (fast), a destroyer (wandering), 2 sculptors of
flesh, a dread, 3 meat berserkers and 7 bags of meat.

Vanquished Creatures
  5 vampire knights (D)
  12 ogres (D)
  3 two-headed ogres (D)
  2 liches (D)
  40 orcs (D)
  2 skeletal warriors (D)
64 creatures vanquished.

Vanquished Creatures (others)
  An ogre (D)
  A two-headed ogre (D)
  An orc (D)
3 creatures vanquished.

Grand Total: 67 creatures vanquished

Notes
Turn   | Place    | Note
-------+----------+-------------------------------------------
     0 | D        | Found the +∞ Axe of Woe
     0 | D        | boopmooplesden the Draconian Gladiator began the quest for
                  | the Orb.
     0 | D        | Reached XP level 1. HP: 17/17 MP: 1/1
     2 | D        | Noticed a bag of meat
     3 | D        | Noticed a bag of meat
     3 | D        | Noticed a bag of meat
     4 | D        | Became a worshipper of Makhleb the Destroyer
     4 | D        | Noticed a bag of meat
     6 | D        | Noticed a meat berserker
     7 | D        | Noticed a bag of meat
     9 | D        | Killed a bag of meat
     9 | D        | Noticed a bag of meat
    10 | D        | Reached skill level 10 in Fighting
    10 | D        | Reached skill level 15 in Dodging
    10 | D        | Reached XP level 2. HP: 38/38 MP: 2/2
    10 | D        | Reached XP level 3. HP: 45/45 MP: 3/3
    10 | D        | Reached XP level 4. HP: 51/51 MP: 4/4
    10 | D        | Reached XP level 5. HP: 58/58 MP: 5/5
    10 | D        | Reached XP level 6. HP: 66/66 MP: 6/6
    10 | D        | Your scales start taking on a rich purple colour.
    10 | D        | Reached XP level 7. HP: 72/72 MP: 7/7
    10 | D        | Reached XP level 8. HP: 79/79 MP: 8/8
    10 | D        | Reached XP level 9. HP: 85/85 MP: 9/9
    10 | D        | Reached XP level 10. HP: 93/93 MP: 10/10
    10 | D        | Killed a meat berserker
    10 | D        | Reached * piety under Makhleb
    10 | D        | Noticed a bag of meat
    11 | D        | Reached skill level 10 in Throwing
    11 | D        | Reached XP level 11. HP: 105/105 MP: 11/11
    11 | D        | Reached XP level 12. HP: 113/113 MP: 12/12
    11 | D        | Noticed a meat berserker
    11 | D        | Noticed a meat berserker
    11 | D        | Noticed a bag of meat
    12 | D        | Noticed a meat berserker
    13 | D        | Noticed a bag of meat
    13 | D        | Noticed a bag of meat
    13 | D        | Noticed a bag of meat
    13 | D        | Noticed a bag of meat
    14 | D        | Noticed a bag of meat
    14 | D        | Noticed a meat berserker
    14 | D        | Noticed a bag of meat
    14 | D        | Noticed a bag of meat
    15 | D        | Noticed a bag of meat
    15 | D        | Noticed a bag of meat
    16 | D        | Noticed a bag of meat
    16 | D        | Noticed a bag of meat
    16 | D        | Noticed a large bag of meat
    16 | D        | Noticed a bag of meat
    16 | D        | Noticed a bag of meat
    16 | D        | Noticed a bag of meat
    16 | D        | Noticed a bag of meat
    17 | D        | Noticed a bag of meat
    17 | D        | Noticed a bag of meat
    17 | D        | Noticed a bag of meat
    17 | D        | Noticed a bag of meat
    17 | D        | Noticed a bag of meat
    17 | D        | Noticed a bag of meat
    18 | D        | Noticed a bag of meat
    18 | D        | Noticed a meat berserker
    19 | D        | Killed a bag of meat
    19 | D        | Killed a meat berserker
    19 | D        | Noticed a bag of meat
    20 | D        | Reached XP level 13. HP: 125/125 MP: 13/13
    20 | D        | Noticed a meat berserker
    20 | D        | Noticed a bag of meat
    20 | D        | Noticed a bag of meat
    21 | D        | Killed a bag of meat
    21 | D        | Reached ** piety under Makhleb
    21 | D        | Killed a bag of meat
    22 | D        | Reached XP level 14. HP: 137/137 MP: 14/14
    22 | D        | Killed a meat berserker
    22 | D        | Killed a bag of meat
    22 | D        | Reached *** piety under Makhleb
    23 | D        | Reached skill level 27 in Axes
    23 | D        | Reached XP level 15. HP: 148/148 MP: 15/15
    24 | D        | Reached **** piety under Makhleb
    25 | D        | Reached skill level 27 in Dodging
    26 | D        | Reached XP level 16. HP: 174/177 MP: 16/16
    26 | D        | Killed a meat berserker
    27 | D        | Reached skill level 27 in Fighting
    27 | D        | Killed a meat berserker
    27 | D        | Reached ***** piety under Makhleb
    27 | D        | Noticed a meat berserker
    27 | D        | Noticed a destroyer
    28 | D        | Killed a meat berserker
    28 | D        | Noticed a meat berserker
    29 | D        | Reached skill level 27 in Throwing
    29 | D        | Reached XP level 17. HP: 191/191 MP: 17/17
    30 | D        | Reached skill level 5 in Hexes
    30 | D        | Reached skill level 5 in Invocations
    30 | D        | Reached skill level 5 in Evocations
    30 | D        | Killed a destroyer
    30 | D        | Reached ****** piety under Makhleb
    31 | D        | Reached XP level 18. HP: 200/200 MP: 17/28
    31 | D        | Killed a meat berserker
    33 | D        | Reached skill level 10 in Hexes
    33 | D        | Reached skill level 10 in Invocations
    33 | D        | Reached skill level 10 in Evocations
    33 | D        | Reached XP level 19. HP: 207/207 MP: 17/32
    33 | D        | Noticed a destroyer
    33 | D        | Noticed an eight-headed meat hydra
    33 | D        | Noticed a large bag of meat
    33 | D        | Noticed a large bag of meat
    33 | D        | Noticed a large bag of meat
    34 | D        | Noticed a destroyer
    35 | D        | Reached skill level 10 in Spellcasting
    35 | D        | Reached skill level 10 in Fire Magic
    35 | D        | Reached skill level 10 in Ice Magic
    35 | D        | Reached skill level 10 in Air Magic
    35 | D        | Reached skill level 10 in Earth Magic
    35 | D        | Reached skill level 10 in Poison Magic
    35 | D        | Killed a meat berserker
    36 | D        | Reached skill level 10 in Short Blades
    36 | D        | Reached skill level 10 in Long Blades
    36 | D        | Reached skill level 10 in Maces & Flails
    36 | D        | Reached skill level 10 in Polearms
    36 | D        | Reached skill level 10 in Staves
    36 | D        | Reached skill level 10 in Stealth
    36 | D        | Reached skill level 10 in Shields
    36 | D        | Reached skill level 10 in Unarmed Combat
    36 | D        | Reached skill level 10 in Conjurations
    36 | D        | Reached skill level 10 in Summonings
    36 | D        | Reached skill level 10 in Necromancy
    36 | D        | Reached skill level 10 in Translocations
    36 | D        | Reached skill level 10 in Transmutations
    36 | D        | Noticed a meat berserker
    36 | D        | Noticed a large bag of meat
    38 | D        | Reached skill level 10 in Ranged Weapons
    38 | D        | Reached XP level 20. HP: 109/216 MP: 17/35
    38 | D        | Noticed a destroyer
    39 | D        | Killed a destroyer
    39 | D        | Killed a meat berserker
    41 | D        | Killed a meat berserker
    42 | D        | Killed a destroyer
    43 | D        | Reached skill level 15 in Hexes
    43 | D        | Reached skill level 15 in Invocations
    43 | D        | Reached skill level 15 in Evocations
    44 | D        | Killed a large bag of meat
    44 | D        | Killed a large bag of meat
    45 | D        | Killed a destroyer
    45 | D        | Killed a large bag of meat
    45 | D        | Noticed a meat berserker
    46 | D        | Reached skill level 15 in Fire Magic
    46 | D        | Reached skill level 15 in Ice Magic
    46 | D        | Reached skill level 15 in Air Magic
    46 | D        | Reached skill level 15 in Earth Magic
    46 | D        | Reached skill level 15 in Poison Magic
    46 | D        | Reached XP level 21. HP: 55/224 MP: 18/39
    46 | D        | Noticed a destroyer
    46 | D        | Noticed a large bag of meat
    47 | D        | Noticed a tyrant
    47 | D        | Killed a destroyer
    48 | D        | Reached skill level 15 in Spellcasting
    48 | D        | Killed a large bag of meat
    49 | D        | Killed a tyrant
    50 | D        | Noticed an accursed
    56 | D        | Noticed a tyrant
    58 | D        | Reached skill level 15 in Short Blades
    58 | D        | Reached skill level 15 in Long Blades
    58 | D        | Reached skill level 15 in Maces & Flails
    58 | D        | Reached skill level 15 in Polearms
    58 | D        | Reached skill level 15 in Staves
    58 | D        | Reached skill level 15 in Stealth
    58 | D        | Reached skill level 15 in Shields
    58 | D        | Reached skill level 15 in Unarmed Combat
    58 | D        | Reached skill level 15 in Conjurations
    58 | D        | Reached skill level 15 in Summonings
    58 | D        | Reached skill level 15 in Necromancy
    58 | D        | Reached skill level 15 in Translocations
    58 | D        | Reached skill level 15 in Transmutations
    58 | D        | Reached XP level 22. HP: 134/233 MP: 20/42
    60 | D        | Killed a tyrant
    61 | D        | Noticed a meat beast
    61 | D        | Noticed a destroyer
    61 | D        | Annihilated by a sculptor of flesh

Illustrated notes

Levels and vault maps discovered:
D:        meatsprint

Skill      XL: |  1  2  3  4  5  6  7  8  9 10 11 12 13 14 15 16 17 18 19 20 21 22 |
---------------+-------------------------------------------------------------------+-----
Fighting       | 10 12 14 16 17 24 27 | 27.0
Axes           | 16 20 23 25 27 | 27.0
Throwing       | 8 10 12 14 18 27 | 27.0
Dodging        | 15 18 21 22 24 27 | 27.0
Short Blades   | 6 8 11 13 15 | 15.3
Long Blades    | 6 8 11 13 15 | 15.3
Maces & Flails | 6 8 11 13 15 | 15.3
Polearms       | 6 8 11 13 15 | 15.3
Staves         | 6 8 11 13 15 | 15.3
Ranged Weapons | 6 8 10 12 13 14 | 14.1
Stealth        | 6 8 11 13 15 | 15.3
Shields        | 6 8 11 13 15 | 15.3
Unarmed Combat | 6 8 11 13 15 | 15.3
Spellcasting   | 7 9 11 14 16 | 16.6
Conjurations   | 6 8 11 13 15 | 15.3
Hexes          | 8 10 13 16 18 | 18.4
Summonings     | 6 8 11 13 15 | 15.3
Necromancy     | 6 8 11 13 15 | 15.3
Translocations | 6 8 11 13 15 | 15.3
Transmutations | 6 8 11 13 15 | 15.3
Fire Magic     | 7 9 12 15 16 17 | 17.0
Ice Magic      | 7 9 12 15 16 17 | 17.0
Air Magic      | 7 9 12 15 16 17 | 17.0
Earth Magic    | 7 9 12 15 16 17 | 17.0
Poison Magic   | 7 9 12 15 16 17 | 17.0
Invocations    | 8 10 13 16 18 | 18.4
Evocations     | 8 10 13 16 18 | 18.4

Action                     |  1- 3 |  4- 6 |  7- 9 | 10-12 | 13-15 | 16-18 | 19-21 | 22-24 || total
---------------------------+-------+-------+-------+-------+-------+-------+-------+-------++-------
  Melee: Executioner's axe |     1 |       |       |     2 |     4 |     7 |    16 |     1 ||    31
    Use: Potion            |     1 |       |       |       |       |       |       |       ||     1
         Scroll            |       |       |       |       |       |       |       |     1 ||     1
